 Dungeon Crawl Stone Soup version 0.31-a0-632-g766dd24fdf (webtiles) character file.

Game seed: 11168826441869987286

1269 bobarctor the Purveyor of Pain (level 8, -1/52 HPs)
             Began as a Demonspawn Necromancer on Aug 26, 2023.
             Was an Initiate of Kikubaaqudgha.
             Slain by a kobold brigand
             ... wielding a +0 dagger
              (7 damage)
             ... on level 6 of the Dungeon.
             The game lasted 00:30:08 (6704 turns).

bobarctor the Purveyor of Pain (DsNe)               Turns: 6704, Time: 00:30:08

Health: -1/52      AC: -3    Str: 15    XL:     8   Next: 28%
Magic:  14/17      EV: 12    Int: 18    God:    Kikubaaqudgha [......]
Gold:   198        SH:  0    Dex: 14    Spells: 2/19 levels left

rFire   . . .        u - +2 hand axe (freeze)
rCold   . . .        (no shield)
rNeg    . . .        h - +0 troll leather armour {Pargi}
rPois   .            (no helmet)
rElec   .            (no cloak)
rCorr   .            (no gloves)
SInv    +            w - +0 pair of boots
Will    .....        (no amulet)
Stlth   ++           c - +6 ring of strength
HPRegen 1.08/turn    g - ring of see invisible
MPRegen 0.15/turn

%: no passive effects
@: corroded
A: claws 2, demonic magic 2, weakness stinger 1
a: Renounce Religion


You were on level 6 of the Dungeon.
You worshipped Kikubaaqudgha.
Kikubaaqudgha was noncommittal.
You visited 2 branches of the dungeon, and saw 7 of its levels.
You also visited: Sewer.

You collected 510 gold pieces.
You spent 312 gold pieces at shops.

Inventory:

Hand Weapons
 j - a +1 flail of protection
 q - a +1 halberd of protection
 u - a +2 hand axe of freezing (weapon)
Missiles
 a - 6 boomerangs (quivered)
 e - 4 atropa-tipped darts
 f - 47 stones
 t - 2 poisoned darts
 v - a throwing net
Armour
 h - a +0 troll leather armour (worn) {Pargi}
 w - a +0 pair of boots (worn)
Jewellery
 c - a +6 ring of strength (left claw)
 g - a ring of see invisible (right claw)
Wands
 r - a wand of flame (16)
Scrolls
 i - 2 scrolls of fog
 k - 3 scrolls of teleportation
 n - a scroll of blinking
Potions
 b - 3 potions of magic
 d - 6 potions of curing
 l - 6 potions of heal wounds
 o - a potion of berserk rage
 p - 3 potions of haste


   Skills:
 * Level 2.4 Armour
 + Level 2.7 Dodging
 + Level 4.0 Stealth
 * Level 6.1 Spellcasting
 + Level 6.7 Necromancy
 * Level 2.6 Ice Magic


You had 2 spell levels left.
You knew the following spells:

 Your Spells              Type           Power      Damage    Failure   Level
a - Necrotise             Necr           100%       1d9       1%          1
b - Vampiric Draining     Necr           29%        2d8       2%          3
c - Animate Dead          Necr           29%        N/A       10%         4
d - Freeze                Ice            56%        1d7       4%          1
e - Frozen Ramparts       Ice            28%        1d5       16%         3
f - Agony                 Necr           29%        N/A       26%         5

Your spell library contained the following spells:

 Spells                   Type           Power      Damage    Failure   Level
 Hailstorm                Conj/Ice       10%        3d5       26%         3
 Volatile Blastmotes      Fire/Tloc      10%        2d10      41%         3
 Borgnjor's Vile Clutch   Necr/Erth      8%         N/A       71%         5
 Fulminant Prism          Conj/Hex       2%         3d5       82%         4
 Iskenderun's Mystic Bla  Conj/Tloc      5%         2d3       82%         4
 Death Channel            Necr           14%        N/A       82%         6


Dungeon Overview and Level Annotations

Branches:
Dungeon (6/15)             Temple (1/1) D:4           Sewer (visited)

Altars:
Ashenzari
Cheibriados
Fedhas
Gozag
Hepliaklqana
Kikubaaqudgha
Makhleb
Nemelex Xobeh
Okawaru
Qazlal
Ru
Sif Muna
Trog
Uskayaw
Vehumet
Wu Jian
Xom
Yredelemnul

Shops:
D:2 !   D:3 (


Innate Abilities, Weirdness & Mutations

You have very sharp fingernails.
Spells you cast may paralyse nearby enemies.
You have a small tail.


Message History

You tail-slap the kobold brigand, but do no damage.
The kobold brigand is lightly wounded.
The kobold brigand hits you but does no damage.
A kobold comes into view. It is wielding a +0 short sword.
The jelly barely misses you. The kobold brigand closely misses you.
You barely miss the kobold brigand.
The kobold brigand is lightly wounded.
You hit the jelly. You freeze the jelly.
Your claws burn!
The jelly hits you but does no damage.
The kobold brigand hits you with a +0 dagger.
You hit the kobold brigand. You freeze the kobold brigand.
The kobold brigand is heavily wounded.
You hit the jelly. You freeze the jelly. The acid corrodes you!
Your claws burn!
The kobold brigand hits you with a +0 dagger.
The jelly closely misses you.
You completely miss the kobold brigand.
The kobold brigand is heavily wounded.
You completely miss the jelly. The jelly hits you.
You are splashed with acid.
The kobold brigand hits you with a +0 dagger!
You barely miss the jelly.
The jelly is severely wounded.
You barely miss the kobold brigand. The kobold brigand barely misses you.
The jelly hits you. The acid corrodes you!
You are splashed with acid!
The jelly hits you.
You are splashed with acid!
* * * LOW HITPOINT WARNING * * *
The kobold brigand hits you with a +0 dagger.
* * * LOW HITPOINT WARNING * * *
Casting: Necrotise (safe; 1% risk of failure)
Confirm with . or Enter, or press ? or * to list all spells.
Aiming: Vampiric Draining (dangerous; 2% risk of failure)
Press: ? - help, Shift-Dir - straight line, f - jelly
Aim: a jelly (severely wounded)
You draw life force from the jelly!
You kill the jelly!
Kikubaaqudgha accepts your kill.
You feel life coursing into your body. Malevolent energies surge around you.
The kobold brigand hits you with a +0 dagger!
You die...
Kikubaaqudgha rasps: "You have failed me!
Welcome... death!" #K. ###### #KK #....# #KK

### #[##.# #K# ..# #.<#.# #K# #.#
#..#.# #K# #.# #..#.# #K# #.#
#..#.# #@# #.# #####..#.# #.#.#.#
####.#
.......#.#######.#.#.####....####
.................................
.......#.#########.######...#####
.................................
########...........##############
# ###.#######....#### #
#...##............# #######


You could see 2 kobold brigands and 7 kobolds.

Vanquished Creatures
  A water moccasin (D:6)
  An ice beast (D:6)
  Pargi (Sewer)
  2 ogres (D:5)
  3 phantoms
  A gnoll sergeant (D:6)
  2 scorpions
  2 jellies (D:6)
  2 hounds
  An orc priest (D:3)
  2 iguanas (D:5)
  6 gnolls
  7 adders
  A white imp (D:5)
  A worm (D:2)
  2 dart slugs
  6 orcs
  16 bats
  9 endoplasms
  2 giant cockroaches
  9 goblins
  12 hobgoblins
  6 kobolds
  3 quokkas (D:1)
  4 ball pythons
  A frilled lizard (D:3)
  4 rats
107 creatures vanquished.

Vanquished Creatures (collateral kills)
  A white imp (D:6)
  A bat (Sewer)
  An endoplasm (D:1)
  A rat (D:1)
4 creatures vanquished.

Vanquished Creatures (others)
  A water moccasin zombie (D:6)
  An adder zombie (D:5)
  A gnoll zombie (D:6)
3 creatures vanquished.

Grand Total: 114 creatures vanquished

Notes
Turn   | Place    | Note
-------+----------+-------------------------------------------
     0 | D:1      | bobarctor the Demonspawn Necromancer began the quest for
                  | the Orb.
     0 | D:1      | Reached XP level 1. HP: 13/13 MP: 3/3
   192 | D:1      | Gained mutation: Spells you cast may paralyse adjacent
                  | enemies. [demonic ancestry]
   192 | D:1      | Reached XP level 2. HP: 19/19 MP: 3/5
   616 | D:1      | Reached skill level 5 in Necromancy
   890 | D:1      | Discovered your monstrous ancestry.
   890 | D:1      | Gained mutation: You have sharp fingernails. [demonic
                  | ancestry]
   890 | D:1      | Reached XP level 3. HP: 24/24 MP: 1/6
   896 | D:1      | Learned a level 3 spell: Vampiric Draining
  1604 | D:2      | Gained mutation: You have very sharp fingernails. [demonic
                  | ancestry]
  1604 | D:2      | Reached XP level 4. HP: 30/30 MP: 4/8
  1795 | D:2      | Found Vuiffea's Distillery.
  1800 | D:2      | Bought a potion of curing for 36 gold pieces
  2696 | D:3      | Learned a level 4 spell: Animate Dead
  2721 | D:3      | Noticed a phantom
  2741 | D:3      | Killed a phantom
  2742 | D:3      | Gained mutation: You have a small tail. [demonic ancestry]
  2742 | D:3      | Reached XP level 5. HP: 16/35 MP: 9/11
  2887 | D:3      | Learned a level 1 spell: Freeze
  2891 | D:3      | Learned a level 3 spell: Frozen Ramparts
  3490 | D:3      | Found Ruklered's Weapon Boutique.
  3674 | D:4      | Reached XP level 6. HP: 30/41 MP: 8/12
  3827 | D:4      | Found a staircase to the Ecumenical Temple.
  3931 | D:4      | Found a glowing drain.
  3944 | Sewer    | Entered a sewer
  3966 | Sewer    | Noticed Pargi
  4007 | Sewer    | Killed Pargi
  4184 | Temple   | Entered the Ecumenical Temple
  4192 | Temple   | Became a worshipper of Kikubaaqudgha
  4591 | D:5      | Entered Level 5 of the Dungeon
  4601 | D:5      | Reached skill level 1 in Ice Magic
  4760 | D:5      | Reached skill level 1 in Armour
  4760 | D:5      | Reached skill level 5 in Spellcasting
  4760 | D:5      | Reached XP level 7. HP: 30/46 MP: 7/14
  5045 | D:5      | Found a shimmering blue altar of Sif Muna.
  5089 | D:5      | Found a basalt altar of Yredelemnul.
  5769 | D:2      | Bought a potion of magic for 96 gold pieces
  5769 | D:2      | Bought a potion of heal wounds for 60 gold pieces
  5769 | D:2      | Bought a potion of haste for 120 gold pieces
  5974 | D:6      | Learned a level 5 spell: Agony
  6232 | D:6      | Gained mutation: Spells you cast may paralyse nearby
                  | enemies. [demonic ancestry]
  6232 | D:6      | Reached XP level 8. HP: 47/52 MP: 16/16
  6703 | D:6      | HP: 2/52 [kobold brigand/+0 dagger (5)]
  6704 | D:6      | Slain by a kobold brigand

Illustrated notes

Levels and vault maps discovered:
D:1:      spicycebolla_arrival_risky_transporter, layout_basic,
          chequers_serial_rivers_small_a, grunt_decor_clamped
D:2:      layout_basic, serial_shops, nicolae_shop_rolling_square,
          minmay_misc_feat_enclosed, minmay_vboxes
D:3:      layout_basic, serial_shops, nicolae_shop_pleasant_corner_grove
D:4:      layout_basic, minmay_temple_entry_drinking_statues,
          portal_sewer_entry_d
D:5:      layout_rooms, mainiacjoe_overflow_two_lobes,
          minmay_misc_feat_four_crosses, minmay_gold_behind_fungi
D:6:      layout_basic, chequers_serial_rivers_micro_e
Temple:   eino_narrow_crystal_temple

Skill      XL: |  1  2  3  4  5  6  7  8 |
---------------+-------------------------+-----
Necromancy     | 5 6 |  6.7
Spellcasting   | 3 4 5 6 |  6.1
Stealth        | 2 3 4 |  4.0
Dodging        | 2 |  2.7
Ice Magic      | 1 2 |  2.6
Armour         | 1 2 |  2.4

Action                     |  1- 3 |  4- 6 |  7- 9 || total
---------------------------+-------+-------+-------++-------
  Melee: Club              |     1 |       |       ||     1
         Dagger            |    12 |       |       ||    12
         Halberd           |       |    51 |    11 ||    62
         Long sword        |       |    12 |       ||    12
         Hand axe          |       |    70 |    57 ||   127
         Tailslap          |       |     7 |    16 ||    23
         Punch             |       |       |     2 ||     2
  Throw: Dart              |       |     2 |       ||     2
         Boomerang         |       |     2 |       ||     2
   Cast: Necrotise         |    66 |    24 |    23 ||   113
         Vampiric Draining |       |    11 |     9 ||    20
         Freeze            |       |     5 |     1 ||     6
         Animate Dead      |       |     2 |     3 ||     5
  Evoke: Wand              |       |     4 |       ||     4
    Use: Scroll            |       |    10 |       ||    10
   Stab: Paralysed         |     2 |    14 |    19 ||    35
         Sleeping          |       |     1 |       ||     1
 Armour: Robe              |     6 |    16 |       ||    22
         Troll leather arm |       |     5 |    17 ||    22
  Dodge: Dodged            |    19 |   101 |    33 ||   153

Table legend: (Time is in decaauts)
 A = Elapsed time spent in this place.
 B = Non-inter-level travel time spent in this place.
 C = Inter-level travel time spent in this place.
 D = Time resting spent in this place.
 E = Time spent auto-exploring this place.
 F = Levels seen in this place.
 G = Mean time per level.
                   A        B        C        D        E       F      G
               +--------+--------+--------+--------+--------+-----+--------+
         Total |   6792 |   6116 |    676 |    366 |   4419 |   8 |  849.0 |
       Dungeon |   6636 |   5967 |    669 |    356 |   4385 |   6 | 1106.0 |
        Temple |     25 |     18 |      7 |      0 |      0 |   1 |   25.0 |
         Sewer |    130 |    130 |      0 |     10 |     34 |   1 |  130.0 |
               +--------+--------+--------+--------+--------+-----+--------+

Top non-repeatable levels by time:
     D:2: 1749 daAuts
     D:1: 1111 daAuts
     D:3: 1103 daAuts
     D:5: 981 daAuts
     D:4: 878 daAuts
     D:6: 812 daAuts
   Sewer: 130 daAuts
  Temple: 25 daAuts
